 Dungeon Crawl Stone Soup version 0.18.1-5-g4a78601 (webtiles) character file.

123 M4edhros the Poker (level 5, 0/32 HPs)
             Began as a Kobold Chaos Knight on May 12, 2016.
             Slain by an iguana (12 damage)
             ... on level 4 of the Dungeon.
             The game lasted 00:03:17 (1756 turns).

M4edhros the Poker (Kobold Chaos Knight)            Turns: 1756, Time: 00:03:17

Health: 0/32       AC:  6    Str: 11    XL:     5   Next: 29%
Magic:  5/5        EV: 11    Int: 10    God:    Xom [.....*]
Gold:   54         SH:  0    Dex: 16    Spells: 0 memorised, 4 levels left

rFire  . . .     SeeInvis .     a - +0 spear (chaos)
rCold  . . .     Gourm    .     f - +0 scale mail (curse)
rNeg   . . .     Faith    .     (shield restricted)
rPois  .         Spirit   .     (no helmet)
rElec  .         Dismiss  .     (no cloak)
rCorr  .         Reflect  .     (no gloves)
SustAt .         Harm     .     (no boots)
MR     .....                    (no amulet)
Stlth  ..........               (no ring)
                                (no ring)

@: not resistant to hostile enchantments, extremely unstealthy
A: carnivore 3
a: Renounce Religion


You were on level 4 of the Dungeon.
You worshipped Xom.
You were Xom's teddy bear.
You were completely stuffed.

You visited 1 branch of the dungeon, and saw 4 of its levels.

You collected 54 gold pieces.

Inventory:

Hand Weapons
 a - a +0 spear of chaos (weapon)
 i - a +3 dagger
Armour
 b - a +2 leather armour
 f - a cursed +0 scale mail (worn)
Scrolls
 e - a scroll of blinking
 h - a scroll of remove curse
 j - 3 scrolls of recharging
 l - a scroll of enchant weapon
Potions
 d - 2 potions of mutation {unknown}
 g - a potion of ambrosia {unknown}
 k - a potion of invisibility {unknown}
 m - a potion of haste {unknown}
 o - a potion of heal wounds {unknown}
Comestibles
 c - 6 meat rations
 n - 5 chunks of flesh


   Skills:
 - Level 3.2 Fighting
 + Level 4.6 Polearms
 - Level 0.7 Armour
 - Level 2.4 Dodging


You had 4 spell levels left.
You didn't know any spells.

Dungeon Overview and Level Annotations

Branches:
Dungeon (4/15)
 Temple: D:4-7

Altars:


Innate Abilities, Weirdness & Mutations

You are small and have problems with some larger weapons.
You are carnivorous and can eat meat at any time.


Message History

You are too injured to fight recklessly!
You closely miss the iguana.
The iguana is lightly wounded.
The iguana bites you!
You are too injured to fight recklessly!
You hit the iguana.
The iguana seems to slow down.
You freeze the iguana.
The iguana is moderately wounded.
The iguana misses you.
You hit the iguana.
The iguana is moderately wounded.
You are too injured to fight recklessly!
You hit the iguana. You freeze the iguana.
The iguana is heavily wounded.
The iguana bites you.
You are too injured to fight recklessly!
You completely miss the iguana.
The iguana is heavily wounded.
The iguana bites you!
You die... "It's all fun and games until someone loses an eye."

##......## #.# # #........
..#.. .# ###.#
##.##....######.#.####.#
#...†
..............#........#
#....
#####....####.#........#
#.... #....####.#........#
#....
#####....##...#........#
#....
.........##.###........#
#....
.#######........@l.....#
####.... .#
#.##.####.......# #.......
.# #.#....##.......#
#.###### .#
#.###...........# #.# .# ###
############# #.# .# #.#
.#########################.#
..#.#.#.#.#.#.#.#.#.#.#.#..#
.#.#.#.#.#.#.#.#.#.#.#.#.#.#


You could see an iguana.

Vanquished Creatures
  A worker ant (D:4)
  A hound skeleton (D:4)
  4 adders
  An ooze (D:1)
  3 dart slugs
  2 giant geckos
  2 bats (D:1)
  A giant cockroach (D:2)
  4 goblins (D:1)
  3 hobgoblins (D:1)
  3 quokkas
  2 ball pythons
  4 giant newts
  5 kobolds
  4 rats
  A rat (shapeshifter) (D:2)
41 creatures vanquished.

Notes
Turn   | Place    | Note
--------------------------------------------------------------
     0 | D:1      | M4edhros the Kobold Chaos Knight began the quest for the Orb.
     0 | D:1      | Reached XP level 1. HP: 14/14 MP: 1/1
   123 | D:1      | Reached XP level 2. HP: 19/19 MP: 2/2
   223 | D:1      | Reached skill level 3 in Polearms
   371 | D:1      | XOM: divination: detect items
   406 | D:1      | XOM: divination: detect items
   412 | D:1      | XOM: blink monster(s)
   435 | D:1      | XOM: divination: detect creatures
   454 | D:1      | Reached XP level 3. HP: 8/23 MP: 3/3
   483 | D:1      | XOM: polymorph kobold -> rat
   544 | D:1      | XOM: divination: detect items
   626 | D:1      | XOM: potion effect (invisibility)
  1336 | D:2      | Reached XP level 4. HP: 27/28 MP: 4/4
  1445 | D:3      | XOM: harmless Air miscast
  1493 | D:3      | XOM: mild Erth miscast
  1497 | D:3      | Reached skill level 4 in Polearms
  1580 | D:4      | XOM: harmless Trmt miscast
  1653 | D:4      | Reached XP level 5. HP: 21/32 MP: 5/5
  1756 | D:4      | Slain by an iguana

Skill      XL: |  1  2  3  4 |
---------------+-------------+-----
Polearms       | 3 4 |  4.6
Fighting       | |  3.2
Armour         | |  0.7
Dodging        | |  2.4

Action                   |  1- 3 |  4- 6 || total
-------------------------+-------+-------++-------
Melee: Spear             |    91 |    79 ||   170
  Use: Scroll            |       |     4 ||     4
 Stab: Sleeping          |     3 |       ||     3
       Invisible         |     2 |       ||     2
  Eat: Chunk             |    10 |     2 ||    12
Armor: Leather armour    |    35 |       ||    35
       Scale mail        |     8 |    23 ||    31
Dodge: Dodged            |   120 |    48 ||   168
